 Dungeon Crawl Stone Soup version 0.25-a0-860-gf695395 (webtiles) character file.

Game seed: 3938189627443657023, levelgen mode: deterministic

7 BlueFish the Insei (level 2, 0/18 HPs)
             Began as an Octopode Transmuter on Apr 29, 2020.
             Slain by a gnoll
             ... wielding a +0 halberd
              (11 damage)
             ... on level 1 of the Dungeon.
             The game lasted 00:01:06 (356 turns).

BlueFish the Insei (Octopode Transmuter)             Turns: 356, Time: 00:01:06

Health: 0/18       AC:  1    Str:  9    XL:     2   Next: 4%
Magic:  4/5        EV: 13    Int: 15    God:
Gold:   0          SH:  0    Dex: 12    Spells: 2/5 levels left

rFire    . . .     SeeInvis .     - Unarmed
rCold    . . .     Gourm    .   (no shield)
rNeg     . . .     Faith    .   (helmet restricted)
rPois    .         Spirit   .   (no amulet)
rElec    .         Reflect  .   (no ring)
rCorr    .         Harm     .   (no ring)
MR       .....                  (no ring)
Stlth    ++........             (no ring)
HPRegen  0.06/turn              (no ring)
MPRegen  0.09/turn              (no ring)
                                (no ring)
                                (no ring)

@: appendage
A: almost no armour, stealthy swim, amphibious, 8 rings, constrict 8, tentacle
spike 3, camouflage 1, gelatinous body 1
a: End Transformation


You were on level 1 of the Dungeon.
You were not hungry.
One of your tentacles had a temporary spike.
You visited 1 branch of the dungeon, and saw 1 of its levels.

Inventory:

Missiles
 a - 12 arrows
Scrolls
 b - a scroll of enchant weapon {unknown}
 e - a scroll of random uselessness {unknown}
Comestibles
 c - a ration


   Skills:
 * Level 1.1 Fighting
 * Level 2.0 Dodging
 * Level 0.4 Stealth
 * Level 3.2 Unarmed Combat
 + Level 2.0 Spellcasting
 * Level 2.1 Transmutations


You had 2 spell levels left.
You knew the following spells:

 Your Spells              Type           Power        Failure   Level  Hunger
a - Beastly Appendage     Tmut           #.....       10%         1    #......
b - Sticks to Snakes      Tmut           #.......     14%         2    ###....

Your spell library contained the following spells:

 Spells                   Type           Power        Failure   Level  Hunger
 Spider Form              Tmut/Pois      #.........   41%         3    ###....
 Ice Form                 Ice/Tmut       #.......     82%         4    #####..
 Blade Hands              Tmut           #.........   95%         5    ######.


Dungeon Overview and Level Annotations

Branches:
Dungeon (1/15)

Altars:


Innate Abilities, Weirdness & Mutations

You cannot wear most types of armour.
You are very stealthy in the water. (Stealth+)
You are amphibious.
You can wear up to eight rings at the same time.
You can use your tentacles to constrict eight enemies at once.
Your skin changes colour to match your surroundings (Stealth+).
Your rubbery body absorbs attacks. (AC +1, EV +1)
One of your tentacles bears a large vicious spike.


Message History

You have reached level 2!
Memorise Sticks to Snakes, consuming 2 spell levels and leaving 2?
You start memorising the spell.
You continue memorising. x2
You finish memorising.
Spell assigned to 'b'.
Your transformation is almost over.
Your tentacle spike disappears.
All of the chunks of flesh in your inventory have rotted away.
The gnoll is too close now for your liking.
Casting: Beastly Appendage (safe; 10% risk of failure)
Confirm with . or Enter, or press ? or * to list all spells.
One of your tentacles grows a vicious spike.
The gnoll hits you with a +0 halberd.
You tentacle-slap the gnoll. Your grab misses the gnoll.
The gnoll is lightly wounded.
The gnoll barely misses you.
You tentacle-slap the gnoll. Your grab misses the gnoll.
The gnoll is moderately wounded.
The gnoll hits you with a +0 halberd!
Ouch! That really hurt!
You die...

#..#...## #.....##
#.# #....## #.#
##...## #.#
#.#..## #.#######
#.##..# #.....!.#
#..#..# #.......#
#..##.## #.g.....#
.#..#..###@......#
#..............#
##..###.)......#
##.### #........#
#.######........#
#.........$.....#
#.###############
.... #####


You could see a gnoll.

Vanquished Creatures
  A dart slug (D:1)
  A leopard gecko (D:1)
  2 goblins (D:1)
4 creatures vanquished.

Notes
Turn   | Place    | Note
-------+----------+-------------------------------------------
     0 | D:1      | BlueFish the Octopode Transmuter began the quest for the
                  | Orb.
     0 | D:1      | Reached XP level 1. HP: 13/13 MP: 3/3
   175 | D:1      | Reached XP level 2. HP: 5/18 MP: 3/5
   179 | D:1      | Learned a level 2 spell: Sticks to Snakes
   356 | D:1      | Slain by a gnoll

Levels and vault maps discovered:
D:1:      dpeg_arrival_round_c, layout_rooms

Action                   || total
-------------------------++-------
Melee: Unarmed           ||    11
       Constrict         ||     4
       Kick              ||     2
       Tentacles         ||     1
 Cast: Beastly Appendage ||     4
Armor: Skin              ||     1
Dodge: Dodged            ||     3

Table legend:
 A = Non-vault XP
 B = Vault XP
 C = Vault XP percentage of total XP
 D = Non-vault monster count
 E = Vault monster count
 F = Vault count percentage of total count
                 A         B        C        D         E       F
            +---------+---------+-------+---------+---------+-------
      Total |      11 |       0 |   0.0 |       4 |       0 |   0.0
            +---------+---------+-------+---------+---------+-------
        D:1 |      11 |       0 |   0.0 |       4 |       0 |   0.0
            +---------+---------+-------+---------+---------+-------
